 Dungeon Crawl Stone Soup version 0.24.0-13-gcf9b319 (webtiles) character file.

Game seed: 11621498664600761906, levelgen mode: deterministic

2 EndlessMike the Magician (level 1, 0/22 HPs)
             Began as a Demonspawn Wanderer on Apr 12, 2020.
             Succumbed to a kobold's poison
             ... on level 1 of the Dungeon.
             The game lasted 00:01:09 (319 turns).

EndlessMike the Magician (Demonspawn Wanderer)       Turns: 319, Time: 00:01:09

Health: 0/22       AC: 20    Str: 10    XL:     1   Next: 33%
Magic:  1/4        EV:  2    Int: 14    God:
Gold:   0          SH:  0    Dex: 13    Spells: 5/6 levels left

rFire    . . .     SeeInvis .   a - +0 dagger
rCold    . . .     Gourm    .   (no shield)
rNeg     + + +     Faith    .   (armour currently unavailable)
rPois    +         Spirit   .   (helmet currently unavailable)
rElec    .         Reflect  .   (cloak currently unavailable)
rCorr    .         Harm     .   (gloves currently unavailable)
MR       .....     NoTele   +   (boots currently unavailable)
Stlth    +.........             (no amulet)
HPRegen  0.07/turn              (no ring)
MPRegen  0.09/turn              (no ring)

@: lethally poisoned (0 -> -3), tree-form, very slightly contaminated
A: no striking features
a: no special abilities


You were on level 1 of the Dungeon.
You were not hungry.
You were a tree.
You visited 1 branch of the dungeon, and saw 1 of its levels.

Inventory:

Hand Weapons
 a - a +0 dagger (weapon)
Armour
 d - a +0 robe (melded)
Scrolls
 b - a scroll of teleportation
 e - a scroll of identify {unknown}
Comestibles
 f - a ration


   Skills:
 - Level 1.0 Fighting
   Level 2.6 Maces & Flails
 - Level 1.0 Armour
   Level 1.0 Shields
 + Level 3.1 Spellcasting
 + Level 0.2 Conjurations
   Level 1.0 Evocations


You had 5 spell levels left.
You knew the following spells:

 Your Spells              Type           Power        Failure   Level  Hunger
u - Magic Dart            Conj           #...         21%         1    #......

Your spell library contained the following spells:

 Spells                   Type           Power        Failure   Level  Hunger
 Blink                    Tloc           N/A          32%         2    ##.....
 Call Imp                 Summ           #.......     32%         2    ##.....
 Slow                     Hex            #.......     32%         2    ##.....
 Conjure Flame            Conj/Fire      #.......     52%         3    ###....
 Mephitic Cloud           Conj/Pois/Air  #.......     52%         3    ###....


Dungeon Overview and Level Annotations

Branches:
Dungeon (1/15)

Altars:


Message History

Confirm with . or Enter, or press ? or * to list all spells.
Aiming: Magic Dart (safe; 21% risk of failure)
Press: ? - help, Shift-Dir - straight line, f/p - kobold
Aim: a kobold, wielding a +0 dagger of venom (moderately wounded)
You miscast Magic Dart.
You are very lightly contaminated with residual magic.
Nothing appears to happen.
The hobgoblin hits you but does no damage. x2
Casting: Magic Dart (safe; 21% risk of failure)
Confirm with . or Enter, or press ? or * to list all spells.
You don't have enough magic to cast that spell.
You closely miss the hobgoblin. The hobgoblin barely misses you.
The hobgoblin hits you but does no damage.
You barely miss the hobgoblin.
The hobgoblin hits you but does no damage.
The hobgoblin hits you with a +0 club.
* * * LOW HITPOINT WARNING * * *
You hit the hobgoblin.
The hobgoblin is heavily wounded.
You die...

......# .....# #.#####
###....## .. #>......
....... ... #.....#
#.†..# .... #.....#
#....##.... #.....#
#.....#
#.....#######K....#
#.......♣#..g(....#..
#.......ggK..(.......
#........#........#..
####.....####........#
.
#........####........#
#........##..........#
#...÷######...########
#......^# #...#
###.....# #...#


You could see 2 hobgoblins and a kobold.

Vanquished Creatures
  A bat (D:1)
  A frilled lizard (D:1)
  A kobold (D:1)
  A rat (D:1)
4 creatures vanquished.

Notes
Turn   | Place    | Note
-------+----------+-------------------------------------------
     0 | D:1      | EndlessMike the Demonspawn Wanderer began the quest for the
                  | Orb.
     0 | D:1      | EndlessMike set off with the following items: a +0 dagger,
                  | a scroll of teleportation, a potion of lignification, a +0
                  | robe, a ration; and the following spell memorised: Magic
                  | Dart; and the following spells available to memorise:
                  | Blink, Call Imp, Slow, Conjure Flame, Mephitic Cloud
     0 | D:1      | Reached XP level 1. HP: 15/15 MP: 4/4
   318 | D:1      | HP: 1/22 [hobgoblin/+0 club (3)]
   319 | D:1      | Succumbed to a kobold's poison

Levels and vault maps discovered:
D:1:      dpeg_arrival_signposts, layout_basic, due_unseen_surprise

Action                   || total
-------------------------++-------
Melee: Dagger            ||    16
 Cast: Magic Dart        ||     8
  Use: Potion            ||     1
Armor: Skin              ||     5
       Robe              ||     1
Dodge: Dodged            ||     8
